 Dungeon Crawl Stone Soup version 0.31-a0-220-gc2f4f3cf83 (webtiles) character file.

Game seed: 1814082242984213476

9952 qw the Cleaver (level 11, -1/68 HPs)
             Began as a Gargoyle Fighter on July 3, 2023.
             Was a Follower of Okawaru.
             Slain by an ice devil (23 damage)
             ... summoned by a kobold demonologist
             ... on level 10 of the Dungeon.
             The game lasted 00:04:17 (7676 turns).

qw the Cleaver (Gargoyle Fighter)                   Turns: 7676, Time: 00:04:18

Health: -1/68      AC: 10    Str: 31      XL:     11   Next: 54%
Magic:  11/13      EV:  9    Int:  8      God:    Okawaru [*.....]
Gold:   570        SH: 12    Dex:  8 (9)  Spells: 10/10 levels left

rFire   . . .        j - +3 broad axe (vamp)
rCold   . . .        v - +0 kite shield
rNeg    + . .        l - +0 plate armour
rPois   inf          c - +0 helmet
rElec   +            (no cloak)
rCorr   .            e - +0 pair of gloves
SInv    .            (no boots)
Will    .....        t - amulet of regeneration Stlth
                     h - +4 ring of slaying {mikee}
HPRegen 1.11/turn    i - +6 ring of strength
MPRegen 0.13/turn

%: no passive effects
@: about to teleport, heroic, weakened, corroded
A: sickness immunity, AC +8, negative energy resistance 1, electricity
resistance, torment resistance 1, petrification resistance
a: Renounce Religion, Heroism


You were on level 10 of the Dungeon.
You worshipped Okawaru.
Okawaru was aware of your devotion.
You visited 2 branches of the dungeon, and saw 11 of its levels.

You collected 658 gold pieces.
You spent 88 gold pieces at shops.


Innate Abilities, Weirdness & Mutations

You are immune to sickness and miasma.
Your stone body is resilient. (AC +8)
You are immune to poison.
You resist negative energy. (rN+)
You are resistant to electric shocks. (rElec)
You are resistant to unholy torment.
You are immune to petrification.


   Skills:
 - Level 8.2(13.2) Fighting
 - Level 11.0(16.0) Axes
 - Level 3.0(8.0) Throwing
 - Level 7.0(12.0) Armour
 - Level 1.8(6.8) Dodging
 + Level 9.8(14.8) Shields
 + Level 3.4 Invocations


You had 10 spell levels left.
You didn't know any spells.
Your spell library was empty.

Inventory:

Hand Weapons
 j - a +3 vampiric broad axe (weapon)
 r - a +0 war axe of electrocution
 u - a +0 morningstar
Missiles
 s - 4 boomerangs (quivered)
Armour
 c - a +0 helmet (worn)
 e - a +0 pair of gloves (worn)
 l - a +0 plate armour (worn)
 v - a +0 kite shield (worn)
 y - a +0 pair of boots
Jewellery
 h - a +4 ring of slaying (left hand) {mikee}
 i - a +6 ring of strength (right hand)
 m - a ring of protection from fire
 t - an amulet of regeneration (around neck)
 w - a ring of fire
Scrolls
 a - 4 scrolls of teleportation
 k - 2 scrolls of identify
 z - a scroll of brand weapon
Potions
 b - 3 potions of curing
 d - a potion of might
 f - 2 potions of resistance
 g - a potion of magic
 n - 2 potions of heal wounds
 o - a potion of haste
 p - a potion of lignification
 q - 2 potions of attraction
 x - 2 potions of enlightenment {unknown}
 A - a potion of ambrosia {unknown}
 B - a potion of cancellation {unknown}

Dungeon Overview and Level Annotations

Branches:
Dungeon (10/15)            Temple (1/1) D:4             Orc (0/2) D:10
   Lair: D:8-11

Altars:
Ashenzari
Cheibriados
Dithmenos
Elyvilon
Fedhas
Gozag
Hepliaklqana
Kikubaaqudgha
Okawaru
Qazlal
Ru
Sif Muna
Trog
Uskayaw
Vehumet
Wu Jian
Xom
Yredelemnul
Zin
The Shining One

Shops:
D:5 (   D:6 (

Annotations:
D:4 3 runed translucent doors, qw's ghost, novice GrHs
D:5 1 runed translucent door, qw's ghost, novice GrFi
D:8 3 runed translucent doors
D:10 1 runed translucent door, qw's ghost, journeyman MiHs


Message History

The rust devil hits you. The rust devil corrodes you!
The kobold brigand hits you with a +0 short sword.
The kobold demonologist completely misses you.
The troll bites you. The troll claws you! The troll barely misses you.
The orc wizard mumbles some strange words.
The orc wizard flickers and vanishes!
Deactivating autopickup; reactivate with Ctrl-A.
The kobold brigand hits you with a +0 club.
The kobold demonologist begins to cast a cantrip, but forgets the words!
7674 ||| READING 5 scrolls of teleportation.
As you read the scroll of teleportation, it crumbles to dust.
You feel strangely unstable. You block the rust devil's attack.
The kobold demonologist hits you but does no damage.
The kobold brigand hits you with a +0 short sword.
The kobold brigand completely misses you.
The troll closely misses you. The troll completely misses you.
The troll claws you!
You block the kobold demonologist's attack.
You slash the kobold brigand!
You kill the kobold brigand!
Okawaru accepts your kill.
You barely miss the kobold demonologist.
You hit the troll but do no damage. You hit the rust devil.
You closely miss the kobold brigand. You slash the kobold demonologist!
You kill the kobold demonologist!
Okawaru is honoured by your kill.
The rust devil disappears in a puff of smoke!
The iron imp disappears in a puff of smoke!
The rust devil disappears in a puff of smoke!
The kobold demonologist closely misses you.
You hit the kobold demonologist.
You feel better.
The kobold demonologist is moderately wounded.
You closely miss the troll. You barely miss the ice devil.
You hit the kobold brigand.
You feel better. You block the kobold brigand's attack.
You block the troll's attack. The troll claws you.
You block the troll's attack. The white imp gestures at you.
The puff of frost hits you. The ice devil hits you. The ice devil freezes you!!
You die...

.# #......#.##.........
.# #......#.##.....[.g.
.# #......#.##.........
## #......#.# #.#
#####).....#%###.#######
.....%..................
~~~~~~~~~~~~~~....~~~~~~
~~~~~~~~~~~~~~..))ยค~~~~~
##~~~~~~~~~~~~KT@55~~~~~
.#.............4KK......
.#############''5'######
'# #.{..# .. #....#
#....# #....# #....#


You could see an ice devil (summoned), a kobold demonologist, a troll, 2 kobold
brigands, a crimson imp (summoned), a white imp (summoned) and a shadow imp
(summoned).

Vanquished Creatures
  A boulder beetle (D:10)
  2 two-headed ogres
  Joseph (D:9)
  A gargoyle (D:8)
  A kobold demonologist (D:10)
  A troll (D:10)
  3 hornets
  Prince Ribbit (D:9)
  2 wyverns
  10 yaks
  Eustachio (D:5)
  2 steam dragons
  2 wargs (D:10)
  A water moccasin (D:6)
  An acid dragon (D:10)
  4 ice beasts
  3 orc warriors
  An ogre (D:5)
  3 centaurs
  2 phantoms (D:4)
  5 kobold brigands
  A gnoll sergeant (D:8)
  3 bullfrogs
  3 scorpions
  A wight (D:8)
  11 killer bees (D:9)
  3 howler monkeys
  4 hounds
  5 orc priests
  2 jellies
  2 sleepcaps
  4 gnoll boudas
  2 iguanas
  7 orc wizards
  20 gnolls
  6 adders
  A shadow imp (D:7)
  2 white imps
  2 ufetubi
  A worm (D:3)
  2 dart slugs
  36 orcs
  7 endoplasms
  4 giant cockroaches
  10 goblins
  8 hobgoblins
  6 jackals
  4 quokkas
  10 ball pythons
  5 bats
  7 frilled lizards
  22 kobolds
  11 rats
260 creatures vanquished.

Vanquished Creatures (others)
  An orc wizard (D:9)
1 creature vanquished.

Grand Total: 261 creatures vanquished

Notes
Turn   | Place    | Note
-------+----------+-------------------------------------------
     0 | D:1      | qw the Gargoyle Fighter began the quest for the Orb.
     0 | D:1      | Reached XP level 1. HP: 14/14 MP: 1/1
     0 | D:1      | 0 ||| qw: Version: 0.3-a-40-ge99b1a8
     0 | D:1      | 0 ||| qw: Game counter: 490
     0 | D:1      | 0 ||| qw: Melee chars always use a shield: true
     0 | D:1      | 0 ||| qw: God list: Okawaru
     0 | D:1      | 0 ||| qw: Allow faded altars: false
     0 | D:1      | 0 ||| qw: Do Orc after clearing Dungeon:15 true
     0 | D:1      | 0 ||| qw: Do second Lair branch before Depths: true
     0 | D:1      | 0 ||| qw: Lair rune preference: random
     0 | D:1      | 0 ||| qw: Goals: Normal, Zot:1-4, Slime:5, God:TSO, Crypt,
                  | Tomb, Abyss, Pan, Hells, Win
     0 | D:1      | 0 ||| PLANNING D:1-11
    77 | D:1      | 77 ||| Stepping ~*~*~tactically~*~*~ (stealth).
    95 | D:1      | Reached skill level 2 in Axes
   189 | D:1      | Reached XP level 2. HP: 19/19 MP: 2/2
   486 | D:1      | Reached skill level 3 in Axes
   495 | D:1      | 495 ||| Stepping ~*~*~tactically~*~*~ (stealth).
   535 | D:1      | Reached XP level 3. HP: 23/23 MP: 3/3
   751 | D:1      | 751 ||| Stepping ~*~*~tactically~*~*~ (hiding).
   808 | D:1      | 808 ||| UPGRADING to +4 ring of slaying {mikee}.
   809 | D:1      | 809 ||| READING 2 scrolls labelled CIT KURAAJ.
   813 | D:1      | 813 ||| READING scroll labelled YTTIPRAMME.
   887 | D:2      | 887 ||| Stepping ~*~*~tactically~*~*~ (stealth).
  1033 | D:2      | 1033 ||| Stepping ~*~*~tactically~*~*~ (stealth).
  1197 | D:2      | 1197 ||| DROPPING +0 club.
  1304 | D:2      | Found a faded altar of an unknown god.
  1551 | D:2      | 1551 ||| UPGRADING to +6 ring of strength.
  1552 | D:2      | 1552 ||| READING scroll labelled REUSMI KAULUMP.
  1553 | D:2      | 1553 ||| READING scroll labelled ULACVI CEMU.
  1554 | D:2      | 1554 ||| READING scroll labelled VEN DIMIME.
  1555 | D:2      | 1555 ||| READING scroll labelled FYCACH OVUUFYU.
  1585 | D:3      | Found a blossoming altar of Fedhas.
  1624 | D:3      | Reached XP level 4. HP: 28/28 MP: 4/4
  1697 | D:3      | 1697 ||| FLEEEEING.
  1698 | D:3      | 1698 ||| FLEEEEING.
  1699 | D:3      | 1699 ||| FLEEEEING.
  1700 | D:3      | 1700 ||| FLEEEEING.
  1701 | D:3      | 1701 ||| FLEEEEING.
  1715 | D:3      | Reached skill level 1 in Throwing
  1721 | D:3      | 1721 ||| DROPPING +0 whip.
  1798 | D:3      | Found a stormy altar of Qazlal.
  1798 | D:3      | Found a snail-covered altar of Cheibriados.
  1806 | D:3      | Found an opulent altar of Gozag.
  1808 | D:3      | Found a shadowy altar of Dithmenos.
  1810 | D:3      | Found a faded altar of an unknown god.
  1884 | D:3      | Reached skill level 4 in Axes
  1934 | D:3      | 1934 ||| Stepping ~*~*~tactically~*~*~ (hiding).
  2293 | D:3      | 2293 ||| Stepping ~*~*~tactically~*~*~ (hiding).
  2504 | D:3      | Noticed a scorpion
  2509 | D:3      | Killed a scorpion
  2510 | D:3      | Reached XP level 5. HP: 30/32 MP: 5/5
  2605 | D:3      | 2605 ||| UPGRADING to +0 pair of gloves.
  2610 | D:3      | 2610 ||| READING scroll labelled LETOIGU YPHU.
  2611 | D:3      | 2611 ||| READING scroll labelled NEULEIRYAC.
  2611 | D:3      | Identified a scroll of acquirement
  2611 | D:3      | 2611 ||| ACQUIRING +3 vampiric broad axe
  2611 | D:3      | Acquired a +3 vampiric broad axe
  2613 | D:3      | 2613 ||| SWAPPING to +3 vampiric broad axe.
  2614 | D:3      | 2614 ||| READING scroll labelled CIMUFENLIP.
  2615 | D:3      | 2615 ||| DRINKING 3 ruby potions.
  2665 | D:4      | Found a runed translucent gate.
  2667 | D:4      | Found a runed translucent gate.
  2668 | D:4      | Found a runed translucent gate.
  2673 | D:4      | Noticed qw's ghost (novice GrHs)
  2687 | D:4      | Noticed a phantom
  2690 | D:4      | Killed a phantom
  2691 | D:4      | Reached skill level 5 in Axes
  2691 | D:4      | Reached XP level 6. HP: 37/37 MP: 6/6
  2696 | D:4      | 2696 ||| Stepping ~*~*~tactically~*~*~ (stealth).
  2842 | D:4      | Found a staircase to the Ecumenical Temple.
  2843 | D:4      | 2843 ||| PLANNING TEMPLE
  2843 | D:4      | 2843 ||| DROPPING amulet of magic regeneration.
  2844 | D:4      | 2844 ||| UPGRADING to amulet of regeneration.
  2849 | D:4      | 2849 ||| DRINKING 2 smoky dark potions.
  2854 | D:4      | 2854 ||| Stepping ~*~*~tactically~*~*~ (water).
  2860 | D:4      | Reached skill level 1 in Dodging
  2879 | D:4      | Reached XP level 7. HP: 40/43 MP: 7/7
  2887 | Temple   | Entered the Ecumenical Temple
  2913 | Temple   | 2913 ||| PLANNING D:1-11
  2961 | D:4      | Found a basalt altar of Yredelemnul.
  3138 | D:4      | Reached skill level 6 in Axes
  3142 | D:4      | 3142 ||| Stepping ~*~*~tactically~*~*~ (stealth).
  3413 | D:4      | 3413 ||| Stepping ~*~*~tactically~*~*~ (stealth).
  3430 | D:4      | 3430 ||| DRINKING 2 sapphire potions.
  3431 | D:4      | 3431 ||| DRINKING 2 red potions.
  3432 | D:4      | 3432 ||| DRINKING 2 sedimented sapphire potions.
  3490 | D:4      | 3490 ||| DROPPING potion of degeneration.
  3510 | D:5      | Entered Level 5 of the Dungeon
  3511 | D:5      | Noticed Eustachio
  3521 | D:5      | Killed Eustachio
  3539 | D:5      | 3539 ||| Stepping ~*~*~tactically~*~*~ (stealth).
  3546 | D:5      | Reached skill level 7 in Axes
  3546 | D:5      | 3546 ||| Stepping ~*~*~tactically~*~*~ (hiding).
  3698 | D:5      | 3698 ||| Stepping ~*~*~tactically~*~*~ (stealth).
  3710 | D:5      | Reached XP level 8. HP: 49/49 MP: 8/8
  3812 | D:5      | Found Esusm's Firing Range.
  3826 | D:5      | Found a runed translucent door.
  3827 | D:5      | Noticed qw's ghost (novice GrFi)
  3912 | D:6      | Found Gusis's Antique Weapon Boutique.
  3918 | D:6      | 3918 ||| BUYING morningstar (88 gold).
  3918 | D:6      | Bought a morningstar for 88 gold pieces
  3918 | D:6      | 3918 ||| DROPPING +0 flail.
  3993 | D:6      | 3993 ||| Stepping ~*~*~tactically~*~*~ (stealth).
  4117 | D:6      | 4117 ||| Stepping ~*~*~tactically~*~*~ (stealth).
  4119 | D:6      | 4119 ||| Stepping ~*~*~tactically~*~*~ (hiding).
  4125 | D:6      | Reached skill level 8 in Axes
  4145 | D:6      | 4145 ||| Stepping ~*~*~tactically~*~*~ (hiding).
  4146 | D:6      | 4146 ||| Stepping ~*~*~tactically~*~*~ (hiding).
  4147 | D:6      | 4147 ||| Stepping ~*~*~tactically~*~*~ (hiding).
  4148 | D:6      | 4148 ||| Stepping ~*~*~tactically~*~*~ (hiding).
  4149 | D:6      | 4149 ||| Stepping ~*~*~tactically~*~*~ (hiding).
  4155 | D:6      | Reached skill level 6 in Fighting
  4533 | D:6      | 4533 ||| Stepping ~*~*~tactically~*~*~ (stealth).
  4535 | D:6      | 4535 ||| Stepping ~*~*~tactically~*~*~ (hiding).
  4551 | D:6      | 4551 ||| Stepping ~*~*~tactically~*~*~ (stealth).
  4588 | D:6      | Reached XP level 9. HP: 55/55 MP: 9/9
  4639 | D:6      | Reached skill level 9 in Axes
  4734 | D:6      | Found a hazy altar of Hepliaklqana.
  4830 | D:6      | 4830 ||| UPGRADING to +0 plate armour.
  4840 | D:6      | 4840 ||| DROPPING +0 scale mail.
  4841 | D:6      | 4841 ||| READING 2 scrolls of identify.
  4841 | D:6      | 4841 ||| IDENTIFYING sedimented red potion
  4953 | D:7      | 4953 ||| Stepping ~*~*~tactically~*~*~ (hiding).
  5196 | D:7      | Noticed a hornet
  5201 | D:7      | Killed a hornet
  5299 | D:7      | 5299 ||| Stepping ~*~*~tactically~*~*~ (hiding).
  5332 | D:7      | 5332 ||| READING scroll labelled AJAIRCH PUTELE.
  5333 | D:7      | 5333 ||| DRINKING 2 green potions.
  5373 | D:8      | 5373 ||| Stepping ~*~*~tactically~*~*~ (hiding).
  5439 | D:8      | Found a radiant altar of Vehumet.
  5440 | D:8      | 5440 ||| Stepping ~*~*~tactically~*~*~ (stealth).
  5476 | D:8      | Reached skill level 10 in Axes
  5509 | D:8      | Reached XP level 10. HP: 58/63 MP: 10/10
  5552 | D:8      | Reached skill level 6 in Armour
  5676 | D:8      | Noticed a gargoyle
  5682 | D:8      | Killed a gargoyle
  5751 | D:8      | 5751 ||| Stepping ~*~*~tactically~*~*~ (hiding).
  5754 | D:8      | 5754 ||| Stepping ~*~*~tactically~*~*~ (hiding).
  5848 | D:8      | 5848 ||| Stepping ~*~*~tactically~*~*~ (hiding).
  5849 | D:8      | 5849 ||| Stepping ~*~*~tactically~*~*~ (hiding).
  5864 | D:8      | Reached skill level 3 in Throwing
  5897 | D:8      | Found a runed translucent door.
  5897 | D:8      | Found a runed translucent door.
  5897 | D:8      | Found a runed translucent door.
  5897 | D:8      | Noticed a boulder beetle
  5897 | D:8      | Noticed a boulder beetle
  5897 | D:8      | Noticed a red ugly thing
  5897 | D:8      | Noticed a five-headed hydra
  5897 | D:8      | Noticed a green ugly thing
  5969 | D:8      | Noticed a two-headed ogre
  5974 | D:8      | Killed a two-headed ogre
  5975 | D:8      | Reached skill level 6 in Shields
  6079 | D:8      | 6079 ||| UPGRADING to +0 kite shield.
  6089 | D:8      | 6089 ||| DROPPING +0 buckler.
  6090 | D:8      | 6090 ||| READING scroll labelled DYITHO RELA.
  6091 | D:8      | 6091 ||| READING scroll labelled JOPNUS CIOCEN.
  6092 | D:8      | 6092 ||| DRINKING 3 orange potions.
  6176 | D:9      | 6176 ||| Stepping ~*~*~tactically~*~*~ (stealth).
  6178 | D:9      | Noticed Prince Ribbit
  6194 | D:9      | Killed Prince Ribbit
  6301 | D:9      | 6301 ||| Stepping ~*~*~tactically~*~*~ (stealth).
  6302 | D:9      | 6302 ||| Stepping ~*~*~tactically~*~*~ (stealth).
  6325 | D:9      | Reached skill level 9 in Shields
  6353 | D:9      | Found an iron altar of Okawaru.
  6354 | D:9      | 6354 ||| PLANNING OKAWARU WORSHIP
  6357 | D:9      | 6357 ||| Stepping ~*~*~tactically~*~*~ (stealth).
  6374 | D:9      | Became a worshipper of Warmaster Okawaru
  6375 | D:9      | 6375 ||| PLANNING D:1-11
  6379 | D:9      | 6379 ||| Stepping ~*~*~tactically~*~*~ (stealth).
  6380 | D:9      | 6380 ||| Stepping ~*~*~tactically~*~*~ (stealth).
  6388 | D:9      | Reached XP level 11. HP: 68/68 MP: 11/11
  6467 | D:9      | Noticed Joseph
  6488 | D:9      | Killed Joseph
  6604 | D:9      | Noticed a two-headed ogre
  6611 | D:9      | Killed a two-headed ogre
  6611 | D:9      | Reached * piety under Okawaru
  6612 | D:9      | Reached skill level 11 in Axes
  6721 | D:9      | 6721 ||| Stepping ~*~*~tactically~*~*~ (hiding).
  6722 | D:9      | 6722 ||| Stepping ~*~*~tactically~*~*~ (hiding).
  6723 | D:9      | 6723 ||| Stepping ~*~*~tactically~*~*~ (hiding).
  6980 | D:9      | 6980 ||| UPGRADING to +0 helmet.
  6985 | D:9      | 6985 ||| DRINKING 2 pink potions.
  6986 | D:9      | 6986 ||| DROPPING potion of invisibility.
  7024 | D:10     | Entered Level 10 of the Dungeon
  7033 | D:10     | Noticed a boulder beetle
  7034 | D:10     | 7034 ||| INVOKING Heroism.
  7045 | D:10     | 7045 ||| INVOKING Heroism.
  7046 | D:10     | Killed a boulder beetle
  7157 | D:10     | 7157 ||| Stepping ~*~*~tactically~*~*~ (stealth).
  7160 | D:10     | 7160 ||| Stepping ~*~*~tactically~*~*~ (hiding).
  7346 | D:10     | 7346 ||| Stepping ~*~*~tactically~*~*~ (stealth).
  7365 | D:10     | Reached skill level 1 in Invocations
  7365 | D:10     | 7365 ||| Stepping ~*~*~tactically~*~*~ (stealth).
  7381 | D:10     | 7381 ||| Stepping ~*~*~tactically~*~*~ (stealth).
  7413 | D:10     | 7413 ||| Stepping ~*~*~tactically~*~*~ (hiding).
  7414 | D:10     | 7414 ||| Stepping ~*~*~tactically~*~*~ (hiding).
  7416 | D:10     | 7416 ||| Stepping ~*~*~tactically~*~*~ (hiding).
  7481 | D:10     | 7481 ||| Stepping ~*~*~tactically~*~*~ (stealth).
  7501 | D:10     | Found a staircase to the Orcish Mines.
  7539 | D:10     | Found a runed translucent door.
  7540 | D:10     | Identified the +12 spear of Peodal {flame, rF+++ Will+
                  | rCorr Dex-5}
  7541 | D:10     | Noticed qw's ghost (journeyman MiHs)
  7631 | D:10     | 7631 ||| Stepping ~*~*~tactically~*~*~ (stealth).
  7632 | D:10     | 7632 ||| Stepping ~*~*~tactically~*~*~ (stealth).
  7643 | D:10     | 7643 ||| Stepping ~*~*~tactically~*~*~ (hiding).
  7645 | D:10     | 7645 ||| Stepping ~*~*~tactically~*~*~ (hiding).
  7648 | D:10     | 7648 ||| INVOKING Heroism.
  7664 | D:10     | Reached skill level 3 in Invocations
  7669 | D:10     | 7669 ||| INVOKING Heroism.
  7674 | D:10     | 7674 ||| READING 5 scrolls of teleportation.
  7676 | D:10     | Slain by an ice devil

Levels and vault maps discovered:
D:1:      dpeg_arrival_tiny_a, layout_basic
D:2:      minmay_evil_eye, layout_loops_cross, ebering_ecumenical_altar_mist,
          minmay_cupped
D:3:      minmay_chambers_of_twos, layout_basic, fedhas_altar_1,
          chequers_temple_overflow_minitemple
D:4:      layout_basic, mainiacjoe_overflow_chevrons, temple_pool_b,
          gammafunk_ghost_necromancy
D:5:      layout_rooms, ebering_ghost_reflecting_pool,
          nicolae_shop_firing_range, uniq_eustachio
D:6:      layout_basic, lemuel_tele_altar, serial_shops, shop
D:7:      layout_cave_pools
D:8:      minmay_the_grid_triangle_9x9_rhombus_full
          [minmay_the_grid_triangle_9x9_semitri,
          minmay_the_grid_triangle_9x9_windchime,
          minmay_the_grid_triangle_9x9_empty,
          minmay_the_grid_triangle_9x9_fully_insulated_deathbox,
          minmay_the_grid_triangle_9x9_skeleton,
          minmay_the_grid_triangle_9x9_alien,
          minmay_the_grid_triangle_9x9_warning,
          minmay_the_grid_triangle_9x9_prize_top_heavy], layout_rooms,
          nicolae_vehumet_altar_sigil
D:9:      layout_roguey, okawaru_gym_becter, uniq_joseph, uniq_prince_ribbit1
D:10:     lemuel_castle_with_subvaults [lemuel_castle_interior_carwin_2],
          layout_stronghold, makhleb_altar_promises_db,
          nemelex_diamond_rough_becter, david_orc_3,
          ebering_ghost_funeral_grove, introduction_to_nature_2, uniq_grum
Temple:   nicolae_temple_ecumenical_triangle

Skill      XL: |  1  2  3  4  5  6  7  8  9 10 11 |
---------------+----------------------------------+-----
Axes           | 2 3 4 5 7 8 10 11 | 11.0
Throwing       | 1 2 3 |  3.0
Dodging        | 1 |  1.8
Fighting       | 4 5 6 7 8 |  8.2
Armour         | 5 6 7 |  7.0
Shields        | 4 9 |  9.8
Invocations    | 3 |  3.4

Action                     |  1- 3 |  4- 6 |  7- 9 | 10-12 || total
---------------------------+-------+-------+-------+-------++-------
  Melee: War axe           |   115 |    30 |       |       ||   145
         Broad axe         |       |    25 |   185 |   219 ||   429
  Throw: Javelin           |       |    25 |    33 |    12 ||    70
         Boomerang         |       |     2 |    40 |    45 ||    87
 Invoke: Heroism           |       |       |       |     4 ||     4
    Use: Scroll            |     6 |     3 |     2 |     3 ||    14
         Potion            |       |     2 |     4 |     2 ||     8
 Armour: Scale mail        |    48 |    27 |    60 |       ||   135
         Plate armour      |       |       |    38 |   152 ||   190
  Dodge: Dodged            |    33 |    17 |    70 |    87 ||   207
  Block: Buckler           |    15 |     5 |    31 |     3 ||    54
         Kite shield       |       |       |       |   120 ||   120

Table legend:
 A = Non-vault XP
 B = Vault XP
 C = Vault XP percentage of total XP
 D = Non-vault monster count
 E = Vault monster count
 F = Vault count percentage of total count
                 A         B        C        D         E       F
            +---------+---------+-------+---------+---------+-------
      Total |   11424 |    2794 |  19.7 |     221 |      40 |  15.3
            +---------+---------+-------+---------+---------+-------
        D:1 |      44 |       0 |   0.0 |      31 |       0 |   0.0
        D:2 |      22 |      10 |  31.2 |      15 |       5 |  25.0
        D:3 |     154 |      19 |  11.0 |      17 |       8 |  32.0
        D:4 |     568 |       0 |   0.0 |      27 |       0 |   0.0
        D:5 |     443 |     191 |  30.1 |      17 |       1 |   5.6
        D:6 |    1031 |       0 |   0.0 |      27 |       0 |   0.0
        D:7 |     814 |       0 |   0.0 |      17 |       0 |   0.0
        D:8 |    3300 |     312 |   8.6 |      32 |       5 |  13.5
        D:9 |    3457 |     732 |  17.5 |      33 |       2 |   5.7
       D:10 |    1591 |    1530 |  49.0 |       5 |      19 |  79.2
            +---------+---------+-------+---------+---------+-------
